 Dungeon Crawl Stone Soup version 0.31-a0-233-g139696dc86 (webtiles) character file.

Game seed: 8490643496487858560

144 qw the Shooter (level 5, -4/30 HPs)
             Began as a Gargoyle Hexslinger on July 9, 2023.
             Slain by Natasha (6 damage)
             ... on level 4 of the Dungeon.
             The game lasted 00:00:51 (2316 turns).

qw the Shooter (Gargoyle Hexslinger)                Turns: 2316, Time: 00:00:52

Health: -4/30      AC:  8    Str: 12    XL:     5   Next: 26%
Magic:  6/6        EV: 12    Int: 13    God:
Gold:   252        SH:  0    Dex: 14    Spells: 5/6 levels left

rFire   . . .        e - +1 sling (heavy)
rCold   . . .        (no shield)
rNeg    + . .        c - +0 robe
rPois   inf          (no helmet)
rElec   +            (no cloak)
rCorr   .            a - +1 pair of gloves
SInv    .            (no boots)
Will    .....        (no amulet)
Stlth   +            (no ring)
HPRegen 0.25/turn    (no ring)
MPRegen 0.10/turn

%: no passive effects
@: no status effects
A: sickness immunity, AC +4, negative energy resistance 1, electricity
resistance, torment resistance 1, petrification resistance
a: no special abilities


You were on level 4 of the Dungeon.
You visited 1 branch of the dungeon, and saw 4 of its levels.

You collected 252 gold pieces.


Innate Abilities, Weirdness & Mutations

You are immune to sickness and miasma.
Your stone body is resilient. (AC +4)
You are immune to poison.
You resist negative energy. (rN+)
You are resistant to electric shocks. (rElec)
You are resistant to unholy torment.
You are immune to petrification.


   Skills:
 + Level 2.0 Fighting
 - Level 5.0 Ranged Weapons
 - Level 1.5 Dodging
 - Level 1.0 Spellcasting
 - Level 2.6 Hexes


You had 5 spell levels left.
You knew the following spells:

 Your Spells              Type           Power      Damage    Failure   Level
a - Slow                  Hex            28%        N/A       10%         1

Your spell library contained the following spells:

 Spells                   Type           Power      Damage    Failure   Level
 Inner Flame              Hex/Fire       4%         N/A       43%         3
 Portal Projectile        Hex/Tloc       8%         N/A       43%         3
 Cause Fear               Hex            3%         N/A       67%         4

Inventory:

Hand Weapons
 e - a +1 heavy sling (weapon)
Armour
 a - a +1 pair of gloves (worn)
 c - a +0 robe (worn)
Potions
 b - a potion of haste {unknown}
 d - a potion of heal wounds {unknown}
 f - a potion of mutation {unknown}
 i - a potion of curing {unknown}
 j - a potion of lignification {unknown}
 k - a potion of cancellation {unknown}

Dungeon Overview and Level Annotations

Branches:
Dungeon (4/15)
 Temple: D:4-7

Altars:
Ashenzari
Gozag
Kikubaaqudgha
The Shining One

Annotations:
D:3 2 transporters, qw's ghost, amateur GrHs
D:4 Eustachio; Natasha


Message History

The sling bullet closely misses Eustachio.
You shoot a sling bullet. The sling bullet misses Natasha.
Natasha closely misses you.
Eustachio mumbles some strange words.
Eustachio blinks!
Natasha closely misses you.
The ufetubus hits you but does no damage. x2
You shoot a sling bullet. The sling bullet hits Eustachio.
Eustachio is moderately wounded.
The ufetubus hits you but does no damage.
The ufetubus barely misses you. Eustachio misses you.
Natasha completely misses you. The ufetubus hits you.
The ufetubus hits you but does no damage.
Natasha barely misses you. Eustachio hits you with a +0 rapier.
You shoot a sling bullet.
The sling bullet hits Eustachio but does no damage.
Eustachio is moderately wounded.
The ufetubus closely misses you.
The ufetubus hits you but does no damage. x3
Eustachio hits you with a +0 rapier. Natasha claws you!
Eustachio hits you but does no damage.
The ufetubus hits you but does no damage. x2
Natasha claws you but does no damage.
You shoot a sling bullet. The sling bullet hits Eustachio!
Eustachio is severely wounded.
The ufetubus closely misses you. x2; Eustachio closely misses you.
Natasha closely misses you. The ufetubus barely misses you.
The ufetubus closely misses you.
You shoot a sling bullet.
The sling bullet barely misses Eustachio.
The ufetubus hits you but does no damage. x2
Eustachio hits you with a +0 rapier! Natasha claws you.
The ufetubus closely misses you. The ufetubus misses you.
Natasha barely misses you. Eustachio hits you but does no damage.
The ufetubus hits you. The ufetubus barely misses you.
You shoot a sling bullet.
The sling bullet closely misses Eustachio.
The ufetubus hits you but does no damage.
The ufetubus closely misses you. Eustachio hits you but does no damage.
Natasha claws you.
You die...

#.###.............#
#..
##......#####...####
#.# ........#
###....###.#
........####
#.........
....(......#
#.........
...........##
#.........
...#........#
#####..#+#
...#........# ##....
.. #..@@....# ###..
#..5h....# #..
#........# ###
..........# #
............# #
..............
...............
...............


You could see Eustachio, Natasha and an ufetubus (summoned).

Vanquished Creatures
  A jelly (D:4)
  A sleepcap (D:4)
  An adder (D:4)
  A white imp (D:3)
  A worm (D:3)
  2 dart slugs (D:1)
  An orc (D:3)
  3 ball pythons
  5 endoplasms
  2 giant cockroaches
  7 goblins
  8 hobgoblins
  3 jackals (D:3)
  3 quokkas
  8 bats
  A frilled lizard (D:3)
  6 kobolds
  10 rats
64 creatures vanquished.

Notes
Turn   | Place    | Note
-------+----------+-------------------------------------------
     0 | D:1      | qw the Gargoyle Hexslinger began the quest for the Orb.
     0 | D:1      | Reached XP level 1. HP: 12/12 MP: 2/2
     0 | D:1      | 0 ||| qw: Version: 0.3-a-51-g015441d
     0 | D:1      | 0 ||| qw: Game counter: 3916
     0 | D:1      | 0 ||| qw: Melee chars always use a shield: true
     0 | D:1      | 0 ||| qw: God list: Okawaru
     0 | D:1      | 0 ||| qw: Allow faded altars: false
     0 | D:1      | 0 ||| qw: Do Orc after clearing Dungeon:15 true
     0 | D:1      | 0 ||| qw: Do second Lair branch before Depths: true
     0 | D:1      | 0 ||| qw: Lair rune preference: random
     0 | D:1      | 0 ||| qw: Goals: Normal
     0 | D:1      | 0 ||| PLANNING D:1-11
    97 | D:1      | Reached XP level 2. HP: 16/16 MP: 3/3
   109 | D:1      | Reached skill level 3 in Ranged Weapons
   501 | D:1      | 501 ||| READING scroll labelled JUOT FYOSO.
   602 | D:1      | 602 ||| READING scroll labelled HEM ZIADAVIFO.
   603 | D:1      | 603 ||| READING 3 scrolls labelled XURUGO LUMIMA.
   604 | D:1      | 604 ||| READING scroll labelled VUATWE QUTUWUM.
   605 | D:1      | 605 ||| READING scroll labelled HAP DALIUGHO.
   606 | D:1      | 606 ||| DROPPING scroll of poison.
   607 | D:1      | 607 ||| DROPPING 2 scrolls of noise.
   800 | D:2      | Reached XP level 3. HP: 21/21 MP: 4/4
  1188 | D:2      | Identified the +3 dagger of Ume Abbe {drain, rF+ rN+ Str+2}
  1474 | D:2      | 1474 ||| READING scroll labelled OLEPLI ESOGG.
  1475 | D:2      | 1475 ||| READING scroll labelled YNES BOUNANG.
  1476 | D:2      | 1476 ||| READING 2 scrolls labelled MERRUAMNEAF.
  1477 | D:2      | 1477 ||| READING 2 scrolls labelled MOUSAILAUS.
  1478 | D:2      | 1478 ||| DROPPING scroll of amnesia.
  1563 | D:3      | Found a transporter.
  1563 | D:3      | Noticed qw's ghost (amateur GrHs)
  1568 | D:3      | Found a transporter.
  1599 | D:3      | Reached XP level 4. HP: 26/26 MP: 5/5
  1619 | D:3      | Found a faded altar of an unknown god.
  1729 | D:3      | Found an ancient bone altar of Kikubaaqudgha.
  1812 | D:3      | Reached skill level 4 in Ranged Weapons
  1907 | D:3      | Found a broken altar of Ashenzari.
  1910 | D:3      | Found a glowing golden altar of the Shining One.
  2119 | D:3      | 2119 ||| UPGRADING to +0 pair of gloves.
  2124 | D:3      | 2124 ||| READING scroll of enchant armour.
  2124 | D:3      | 2124 ||| ENCHANTING +0 pair of gloves.
  2125 | D:3      | 2125 ||| DROPPING ring of flight.
  2126 | D:3      | 2126 ||| READING scroll labelled KOAVE MATHREE.
  2127 | D:3      | 2127 ||| DRINKING 3 sedimented black potions.
  2128 | D:3      | 2128 ||| DROPPING 2 potions of magic.
  2241 | D:4      | Found an opulent altar of Gozag.
  2297 | D:4      | Reached skill level 5 in Ranged Weapons
  2297 | D:4      | Reached XP level 5. HP: 30/30 MP: 6/6
  2306 | D:4      | Noticed Eustachio
  2307 | D:4      | Noticed Natasha
  2315 | D:4      | HP: 6/30 [Natasha (3)]
  2315 | D:4      | HP: 2/30 [ufetubus[Eustachio] (4)]
  2316 | D:4      | Slain by Natasha

Levels and vault maps discovered:
D:1:      sevenhm_arrival_forest_fort_small_6, layout_basic, minmay_tall_x
D:2:      cheibrodos_greedy_goblins, layout_basic
D:3:      layout_loops_ring, kiku_gazebo_pond_becter, nicolae_overflow_squiral,
          shapermc_ecumenical_altar_rom_forum, gammafunk_ghost_arena,
          chequers_serial_rivers_room_a
D:4:      layout_basic, nicolae_gozag_seed_capital, minmay_temple_entry_ruins,
          serial_shops, nicolae_shop_tiny_statue_garden, uniq_natasha,
          uniq_eustachio, uniq_blork_the_orc

Skill      XL: |  1  2  3  4 |
---------------+-------------+-----
Ranged Weapons | 3 5 |  5.0
Fighting       | 2 |  2.0
Dodging        | |  1.5
Spellcasting   | |  1.0
Hexes          | |  2.6

Action                     |  1- 3 |  4- 6 || total
---------------------------+-------+-------++-------
   Fire: Sling             |   123 |    55 ||   178
    Use: Scroll            |     9 |     2 ||    11
         Potion            |       |     1 ||     1
 Armour: Robe              |    20 |    22 ||    42
  Dodge: Dodged            |    54 |    32 ||    86

Table legend:
 A = Non-vault XP
 B = Vault XP
 C = Vault XP percentage of total XP
 D = Non-vault monster count
 E = Vault monster count
 F = Vault count percentage of total count
                 A         B        C        D         E       F
            +---------+---------+-------+---------+---------+-------
      Total |     178 |      28 |  13.6 |      50 |      14 |  21.9
            +---------+---------+-------+---------+---------+-------
        D:1 |      20 |       9 |  31.0 |      12 |       4 |  25.0
        D:2 |      20 |      19 |  48.7 |      15 |      10 |  40.0
        D:3 |      46 |       0 |   0.0 |      19 |       0 |   0.0
        D:4 |      92 |       0 |   0.0 |       4 |       0 |   0.0
            +---------+---------+-------+---------+---------+-------
